 Dungeon Crawl Stone Soup version 0.19-a0-1834-g6b7851e (webtiles) character file.

15003 KarmaPolice the Carver (level 11, -6/89 HPs)
             Began as a Vampire Gladiator on Oct 8, 2016.
             Was an Elder of Qazlal.
             Mangled by a hippogriff (9 damage)
             ... on level 1 of the Lair of Beasts.
             The game lasted 00:57:13 (20647 turns).

KarmaPolice the Carver (Vampire Gladiator)         Turns: 20647, Time: 00:57:14

Health: -6/89      AC:  0    Str: 16    XL:     11   Next: 96%
Magic:  6/17       EV: 24    Int: 12    God:    Qazlal [****..]
Gold:   258        SH:  5    Dex: 20    Spells: 0 memorised, 10 levels left

rFire  . . .     SeeInvis +     (weapon currently unavailable)
rCold  . . .     Gourm    .     (armour currently unavailable)
rNeg   + . .     Faith    .     (shield currently unavailable)
rPois  .         Spirit   .     (helmet currently unavailable)
rElec  .         Dismiss  .     (cloak currently unavailable)
rCorr  .         Reflect  .     (gloves currently unavailable)
MR     +....     Harm     .     (boots currently unavailable)
Stlth  ++........               (no amulet)
                                (ring currently unavailable)
                                (ring currently unavailable)

@: bat-form, flying, repel missiles, very quick
A: fangs 3, see invisible, (unbreathing)
a: End Transformation, Upheaval, Elemental Force, Renounce Religion


You were on level 1 of the Lair of Beasts.
You worshipped Qazlal.
Qazlal was greatly pleased with you.
You were not thirsty.
You were in vampire-bat-form.
You visited 3 branches of the dungeon, and saw 14 of its levels.

You collected 498 gold pieces.
You spent 240 gold pieces at shops.

Inventory:

Hand Weapons
 O - the +4 falchion "Qiteur" (melded) {antimagic, Str+8 SInv}
   (You bought it in a shop on level 10 of the Dungeon)

   It reduces the magical energy of the wielder, and disrupts the spells and
   magical abilities of those hit.
   Natural abilities and divine invocations are not affected.
   It affects your strength (+8).
   It lets you see invisible.
Missiles
 d - 4 throwing nets (quivered)
Armour
 c - a +0 helmet (melded)
 g - a +1 pair of boots (melded)
 l - a +0 pair of gloves (melded)
 A - a +3 ring mail of poison resistance (melded)
 H - a +2 cloak (melded)
Jewellery
 G - a ring of magical power (melded)
 T - a ring of protection from fire (melded)
Wands
 y - a wand of digging (12/24)
 D - a wand of iceblast (0/15)
 F - a wand of lightning (2/15)
 L - a wand of hasting (3/9)
Scrolls
 f - a scroll of identify
 i - 4 scrolls of recharging
 j - 4 scrolls of fog
 m - 6 scrolls of magic mapping
 n - 3 scrolls of remove curse
 o - 3 scrolls of amnesia
 p - a scroll of noise {unknown}
 q - 4 scrolls of enchant armour
 r - a scroll of blinking
 s - 6 scrolls of teleportation
 v - a scroll of random uselessness {unknown}
 J - 2 scrolls of fear
 K - a scroll of silence {unknown}
Potions
 a - a potion of might
 e - 8 potions of blood
 k - 2 potions of flight
 t - a potion of ambrosia {unknown}
 u - 3 potions of heal wounds
 w - 2 potions of lignification {unknown}
 z - 2 potions of magic
 B - a potion of beneficial mutation {unknown}
 C - 2 potions of curing {unknown}
 E - a potion of degeneration {unknown}
 M - a potion of invisibility {unknown}
 Q - a potion of haste {unknown}
 S - a potion of berserk rage {unknown}
Books
 h - a book of Cantrips

   Spells                             Type                      Level
   a - Confusing Touch                Hexes                        1
   b - Animate Skeleton               Necromancy                   1
   c - Summon Small Mammal            Summoning                    1
   d - Apportation                    Translocation                1
 N - a book of Misfortune

   Spells                             Type                      Level
   a - Confusing Touch                Hexes                        1
   b - Confuse                        Hexes                        3
   c - Gell's Gravitas                Hexes/Translocation          3
   d - Petrify                        Transmutation/Earth          4
   e - Metabolic Englaciation         Hexes/Ice                    5
   f - Yara's Violent Unravelling     Hexes/Transmutation          5
 P - a book of Party Tricks

   Spells                             Type                      Level
   a - Summon Butterflies             Summoning                    1
   b - Apportation                    Translocation                1
   c - Lesser Beckoning               Translocation                3
   d - Tukima's Dance                 Hexes                        3
   e - Alistair's Intoxication        Transmutation/Poison         5
   f - Invisibility                   Hexes                        6


   Skills:
 + Level 9.3 Fighting
 + Level 10.2 Long Blades
 - Level 1.5 Throwing
 + Level 8.0 Armour
 - Level 4.8 Dodging
 + Level 8.8 Invocations


You had 10 spell levels left.
You didn't know any spells.

Dungeon Overview and Level Annotations

Branches:
Dungeon (11/15)            Temple (1/1) D:4            Lair (2/6) D:10
  Swamp (0/4) Lair:2          Orc (0/2) D:9
  Snake: Lair:2-4    Spider: Lair:2-4

Altars:
Ashenzari
Fedhas
Hepliaklqana
Nemelex Xobeh
Okawaru
Qazlal
Ru
Sif Muna
Vehumet
Xom
Yredelemnul
Zin
The Shining One

Shops:
D:10 (


Innate Abilities, Weirdness & Mutations

You have razor-sharp teeth.
You have supernaturally acute eyesight. (SInv)
((You can survive without breathing.))


Message History

The plant is engulfed in roaring flames.
The black mamba bites you!
* * * LOW HITPOINT WARNING * * *
The plant is engulfed in roaring flames.
The plant is engulfed in roaring flames.
The plant is engulfed in roaring flames.
Clouds arounds you coalesce and take form!
You can no longer call upon nature's wrath in a wide area around you.
The black mamba misses you. x2
Unknown command.
You feel sick.
You feel sick.
You are no longer poisoned.
Your fire elemental disappears in a puff of smoke!
You hit the hippogriff.
The hippogriff is lightly wounded.
The hippogriff bites you!
* * * LOW HITPOINT WARNING * * *
The hippogriff pecks you!
You die...

................##
.................# ##
................## ##########.
......##....#..## ### #........#.
...........###.####.###S.........
......#....#..........§§......P#.
......##........###...#..........
......##........§§...............
......##........bF..§............
......#........H#.###§#..........
##.####....##...###.#......§.....
#### #...####..####......§......
..#####..........................
.................................
.................................
........F..............§.........
##.....#....##...###..§..........


You could see a hippogriff, a black mamba and a spiny frog.

Vanquished Creatures
  A hydra (Lair:1)
  The ghost of BenSoosneb the Destroyer, a novice DrCj of Vehumet (D:10)
  Pikel (D:5)
  Joseph (D:7)
  2 spiny frogs (Lair:1)
  2 komodo dragons (Lair:1)
  3 trolls
  A two-headed ogre (D:10)
  4 hippogriffs
  18 yaks
  2 basilisks
  2 hungry ghosts
  Edmund (D:6)
  4 water moccasins
  8 porcupines
  Duvessa (D:7)
  5 sky beasts
  An orc warrior (D:6)
  4 ice beasts
  3 ogres
  3 necrophages
  A phantom (D:6)
  3 centaurs
  4 crocodiles
  4 big kobolds
  9 bullfrogs
  Dowan (D:7)
  6 scorpions
  A water moccasin skeleton (D:8)
  5 killer bees (D:6)
  A wight (D:9)
  A howler monkey (D:5)
  4 crimson imps
  2 centaur zombies
  2 bullfrog zombies
  2 bullfrog skeletons
  6 jellies
  2 orc priests (D:8)
  Crazy Yiuf (D:7)
  6 hounds
  2 gnoll shamans
  8 iguanas
  6 orc wizards
  9 worker ants
  A mummy (D:9)
  A howler monkey zombie (D:6)
  13 adders
  14 gnolls
  4 river rats (D:10)
  4 shadow imps
  2 adder zombies
  A worm (D:2)
  2 dart slugs (D:1)
  4 leopard geckos
  24 orcs
  2 ball pythons
  9 bats
  8 giant cockroaches
  6 goblins
  8 hobgoblins
  10 jackals
  3 quokkas
  7 frilled lizards
  A jackal skeleton (D:4)
  37 kobolds
  2 leopard gecko skeletons
  A leopard gecko zombie (D:5)
  2 quokka skeletons
  A quokka zombie (D:9)
  6 rats
  5 fungi
  8 plants
  A withered plant (D:9)
341 creatures vanquished.

Vanquished Creatures (collateral kills)
  A black mamba (Lair:1)
1 creature vanquished.

Vanquished Creatures (others)
  An ugly thing (D:11)
  A jelly (D:5)
  An orc wizard (D:11)
  A hound skeleton (D:5)
  4 orcs
  A leopard gecko skeleton (D:5)
  A bush (Lair:1)
  2 fungi
  4 plants
16 creatures vanquished.

Grand Total: 358 creatures vanquished

Notes
Turn   | Place    | Note
-------+----------+-------------------------------------------
     0 | D:1      | KarmaPolice the Vampire Gladiator began the quest for the Orb.
     0 | D:1      | Reached XP level 1. HP: 16/16 MP: 1/1
   146 | D:1      | Reached XP level 2. HP: 22/22 MP: 2/2
   506 | D:1      | Reached XP level 3. HP: 27/27 MP: 3/3
  1704 | D:3      | Found a radiant altar of Vehumet.
  1803 | D:3      | Reached XP level 4. HP: 31/34 MP: 4/4
  2368 | D:4      | Found a staircase to the Ecumenical Temple.
  2381 | Temple   | Entered the Ecumenical Temple
  2410 | Temple   | Became a worshipper of Qazlal Stormbringer
  2565 | D:4      | Reached skill level 4 in Long Blades
  2565 | D:4      | Reached XP level 5. HP: 40/41 MP: 5/5
  3311 | D:4      | Reached skill level 1 in Invocations
  3311 | D:4      | Reached XP level 6. HP: 39/47 MP: 5/7
  3335 | D:4      | Reached * piety under Qazlal
  3980 | D:5      | Entered Level 5 of the Dungeon
  4118 | D:5      | Found an iron altar of Okawaru.
  4191 | D:5      | Reached skill level 1 in Armour
  4216 | D:5      | Noticed a sky beast
  4226 | D:5      | Killed a sky beast
  4226 | D:5      | Reached XP level 7. HP: 27/54 MP: 8/8
  4262 | D:5      | Noticed Pikel
  4498 | D:5      | Reached skill level 5 in Long Blades
  5513 | D:5      | Killed Pikel
  5513 | D:5      | Reached skill level 5 in Fighting
  5513 | D:5      | Reached XP level 8. HP: 59/62 MP: 10/10
  5947 | D:6      | Reached skill level 6 in Long Blades
  6253 | D:6      | Noticed Edmund
  7010 | D:6      | Found a basalt altar of Yredelemnul.
  7024 | D:6      | Found a glowing golden altar of the Shining One.
  7329 | D:6      | Killed Edmund
  7330 | D:6      | Reached ** piety under Qazlal
  7742 | D:7      | Reached XP level 9. HP: 36/69 MP: 12/12
  8005 | D:7      | Noticed Duvessa
  8017 | D:7      | Noticed Dowan
  8218 | D:6      | Reached skill level 5 in Invocations
  8925 | D:7      | Noticed Joseph
  8988 | D:6      | Reached skill level 7 in Long Blades
 10397 | D:6      | Reached skill level 5 in Armour
 10645 | D:7      | Killed Dowan
 10929 | D:7      | Killed Duvessa
 11295 | D:7      | Killed Joseph
 11295 | D:7      | Reached XP level 10. HP: 19/79 MP: 14/14
 12183 | D:7      | Found a runed door.
 12187 | D:7      | Noticed Crazy Yiuf
 12193 | D:7      | Killed Crazy Yiuf
 12529 | D:8      | Reached skill level 8 in Long Blades
 12701 | D:8      | Reached *** piety under Qazlal
 13815 | D:9      | Reached **** piety under Qazlal
 14709 | D:9      | Found a staircase to the Orcish Mines.
 14853 | D:10     | Entered Level 10 of the Dungeon
 14854 | D:10     | Noticed BenSoosneb's ghost (novice DrCj)
 14970 | D:10     | Found Neoxzov's Antique Weapon Emporium.
 15002 | D:10     | Bought an encrusted falchion for 240 gold pieces
 15002 | D:10     | Identified the +4 falchion "Qiteur" {antimagic, Str+8 SInv} (You bought it in a shop on level 10 of the Dungeon)
 15048 | D:10     | Found a hazy altar of Hepliaklqana.
 15141 | D:10     | Killed BenSoosneb's ghost
 15141 | D:10     | Reached skill level 9 in Long Blades
 15141 | D:10     | Reached XP level 11. HP: 46/86 MP: 5/16
 15648 | D:10     | Found a staircase to the Lair.
 16533 | D:11     | Killed a white ugly thing
 16823 | D:11     | Noticed a brown ugly thing
 16926 | Lair:1   | Entered Level 1 of the Lair of Beasts
 16932 | Lair:1   | Got an ancient ring mail
 16973 | Lair:1   | Noticed an eight-headed hydra
 17570 | Lair:1   | Killed an eight-headed hydra
 18545 | Lair:1   | Reached ***** piety under Qazlal
 19255 | Lair:1   | Reached skill level 10 in Long Blades
 19561 | Lair:1   | Found an iron altar of Okawaru.
 19809 | Lair:2   | Found a staircase to the Swamp.
 19939 | Lair:1   | Identified the +1 ring mail of Mitariwu {SInv} (You found it on level 1 of the Lair of Beasts)
 20647 | Lair:1   | HP: 3/89 [hippogriff (8)]
 20647 | Lair:1   | Mangled by a hippogriff

Vault maps used:
D:1:      lemuel_arrival_hallway
D:2:      kennysheep_generic_room_9
D:3:      wad_lake_hut, fiery_altar_vehumet
D:4:      kennysheep_kobold_camp, first_bread
D:5:      okawaru_metal_pillars_1_2, uniq_pikel
D:6:      grunt_temple_overflow_holy_war, uniq_edmund
D:7:      grunt_ogre_cave, uniq_crazy_yiuf_cottage, uniq_duvessa, uniq_joseph
D:8:      wad_dig_loot
D:9:      orc_0_dummy, serial_undead, serial_undead_e, serial_undead_d,
          serial_undead_b, serial_undead_a
D:10:     minmay_lair_entry_grove, serial_shops, shop, basic_altar
D:11:     lemuel_nasty_fountain, uniq_fannar, uniq_erica, uniq_urug
Temple:   regret_index_temple_mists
Lair:1:   basic_altar
Lair:2:   minmay_swamp_entry_reptiles

Skill      XL: |  1  2  3  4  5  6  7  8  9 10 11 |
---------------+----------------------------------+-----
Fighting       | 2 3 4 5 7 8 9 |  9.3
Dodging        | 4 |  4.8
Long Blades    | 4 5 6 7 9 10 | 10.2
Invocations    | 1 2 3 4 6 7 8 |  8.8
Armour         | 1 3 4 5 6 8 |  8.0
Throwing       | |  1.5

Action                   |  1- 3 |  4- 6 |  7- 9 | 10-12 || total
-------------------------+-------+-------+-------+-------++-------
Melee: Long sword        |   114 |   308 |   517 |   363 ||  1302
       Bite              |    16 |    44 |    77 |   119 ||   256
       Falchion          |       |       |       |   287 ||   287
       Unarmed           |       |       |       |     9 ||     9
Invok: Elemental Force   |       |       |       |     2 ||     2
 Abil: Bat Form          |       |       |    11 |    18 ||    29
       End Transformatio |       |       |    11 |    17 ||    28
Evoke: Wand              |       |     2 |       |     3 ||     5
  Use: Potion            |       |     2 |    15 |    13 ||    30
       Scroll            |       |       |    10 |     6 ||    16
 Stab: Sleeping          |     2 |     2 |       |       ||     4
  Eat: Corpse            |     1 |     5 |     3 |     5 ||    14
Armor: Leather armour    |    52 |    70 |   104 |       ||   226
       Ring mail         |       |       |    24 |   234 ||   258
Dodge: Dodged            |    92 |   195 |   374 |   378 ||  1039
       Deflected         |       |       |       |     1 ||     1
Block: Other             |       |     4 |    55 |   113 ||   172
       Rpst.: Long sword |    35 |    61 |   126 |    51 ||   273
       Falchion          |       |       |       |    44 ||    44
